 Dungeon Crawl Stone Soup version 0.17-a0-18-gc25b939 (webtiles) character file.

2737 Emanloe the Skirmisher (level 9, 0/72 HPs)
             Began as a Demonspawn Berserker on Mar 10, 2015.
             Was a Priest of Trog.
             Slain by a komodo dragon (17 damage)
             ... on level 9 of the Dungeon.
             The game lasted 01:16:40 (10603 turns).

Emanloe the Skirmisher (Demonspawn Berserker)      Turns: 10603, Time: 01:16:40

Health: 0/72       AC: 13    Str: 24    XL:     9   Next: 40%
Magic:  9/9        EV: 13    Int:  8    God:    Trog [***...]
Gold:   348        SH:  0    Dex: 13    Spells: 0 memorised, 8 levels left

rFire  + . .     SeeInvis .     a - +0 falchion
rCold  . . .     Clarity  .     j - +0 scale mail
rNeg   . . .     SustAb   +     (no shield)
rPois  .         Gourm    .     m - +0 helmet
rElec  .         Spirit   .     h - +0 cloak
rCorr  .         Warding  .     (no gloves)
rMut   .         Stasis   .     g - +0 pair of boots
MR     .....                    (no amulet)
Stlth  ..........               i - ring of sustain abilities
                                c - +3 ring of strength

@: starving, not resistant to hostile enchantments, extremely unstealthy
A: claws 2, yellow scales 1, fire resistance 1, powered by death 1
a: Burn Spellbooks, Berserk, Trog's Hand, Renounce Religion


You were on level 9 of the Dungeon.
You worshipped Trog.
Trog was most pleased with you.
You were starving.

You visited 1 branch of the dungeon, and saw 8 of its levels.

You collected 348 gold pieces.

Inventory:

Hand weapons
 a - a +0 falchion (weapon)
Armour
 g - a +0 pair of boots (worn)
 h - a +0 cloak (worn)
 j - a +0 scale mail (worn)
 m - a +0 helmet (worn)
Jewellery
 c - a +3 ring of strength (left claw)
 i - a ring of sustain abilities (right claw)
Magical devices
 q - a wand of fire (3)
Scrolls
 e - 2 scrolls of remove curse
 l - a scroll of identify
Potions
 k - 2 potions of curing
 n - a potion of cancellation
 o - a potion of haste


   Skills:
 * Level 7.2 Fighting
 * Level 6.6 Long Blades
 * Level 5.2 Armour
 + Level 6.4 Dodging
 + Level 1.8 Stealth


You had 8 spell levels left.
You didn't know any spells.

Dungeon Overview and Level Annotations

Branches:
Dungeon (10/15)
 Temple: D:4-7         Lair: D:8-11         Orc: D:9-12

Altars:
Ashenzari
Dithmenos
Elyvilon
Ru
Trog
Xom
Yredelemnul
The Shining One

Annotations:
D:5 Eustachio


Innate Abilities, Weirdness & Mutations

You have very sharp fingernails.
You are partially covered in yellow scales (AC +2).
Your flesh is heat resistant.
You can steal the life force of nearby defeated enemies.


Message History

You hit the wasp zombie but do no damage.
The wasp zombie hits you. The wasp zombie misses you.
You hit the wasp zombie. The wasp zombie hits you!
You closely miss the wasp zombie.
The wasp zombie hits you but does no damage.
The wasp zombie hits you but does no damage.
The wasp zombie closely misses you. The wasp zombie hits you.
There is a stone staircase leading up here.
You can't go down here!
The wasp zombie hits you but does no damage.
The wasp zombie barely misses you.
You climb upwards.
The komodo dragon bites you but does no damage.
The komodo dragon bites you!
* * * LOW HITPOINT WARNING * * *
There is a stone staircase leading down, spattered with blood here.
The komodo dragon barely misses you. The komodo dragon bites you!
You die...

#.# #.##..........# #.#
##.#####.####..##
#.####........###....##
#...##........##..##..#
#.#.##>......####l...##
#...##....?..# ##..##
##.P.##.......#####l####
##....)#.)l....##.......#
#.....[.###@#####l##.##.#
#.....[)....# #.##.##.#
#.......##### #l##..#.#
#......## #.###.#.#
#.#.<..# #.###.#.#
#.####.# #.......#### #.
... ..######......#...
♣♣♣ ............#.#.#.
♣.######.####.#...


You could see a komodo dragon.

Vanquished Creatures
  Pikel (D:5)
  The ghost of MrRokkomies the Carver, an experienced HEWr (D:5)
  A phantom (D:4)
  A centaur (D:4)
  2 ice beasts
  A sky beast (D:6)
  5 ogres
  A giant frog (D:3)
  A water moccasin skeleton (D:4)
  A scorpion (D:6)
  3 goliath beetles (D:6)
  A jelly (D:6)
  An electric eel (D:6)
  3 hounds
  6 iguanas
  An orc priest (D:9)
  3 orc wizards
  4 worker ants
  Ijyb (D:2)
  A hound skeleton (D:9)
  A worker ant zombie (D:6)
  A gnoll (D:6)
  9 adders
  A shadow imp (D:5)
  3 worms
  An adder skeleton (D:5)
  9 giant geckos
  An ooze (D:3)
  14 orcs
  A bat skeleton (D:5)
  6 giant cockroaches
  7 goblins
  19 hobgoblins
  4 jackals (D:3)
  4 quokkas
  2 ball pythons
  13 bats
  3 giant newts
  16 kobolds
  2 quokka skeletons
  9 rats
165 creatures vanquished.

Vanquished Creatures (collateral kills)
  A gnoll sergeant (D:6)
  2 gnolls (D:6)
3 creatures vanquished.

Vanquished Creatures (others)
  An ogre (D:6)
  An orc priest (D:9)
  An orc wizard (D:9)
  An orc (D:9)
  A quokka (D:5)
  A giant gecko skeleton (D:5)
  A giant spore (D:9)
  A goblin (D:3)
  A rat (D:5)
9 creatures vanquished.

Grand Total: 177 creatures vanquished

Notes
Turn   | Place    | Note
--------------------------------------------------------------
     0 | D:1      | Emanloe, the Demonspawn Berserker, began the quest for the Orb.
     0 | D:1      | Reached XP level 1. HP: 18/18 MP: 1/1
   373 | D:1      | Gained mutation: Your flesh is heat resistant. [demonic ancestry]
   373 | D:1      | Reached XP level 2. HP: 20/24 MP: 2/2
  1143 | D:2      | Reached XP level 3. HP: 16/30 MP: 3/3
  1154 | D:2      | Found a basalt altar of Yredelemnul.
  1310 | D:2      | Found a shadowy altar of Dithmenos.
  1383 | D:2      | Reached skill level 4 in Fighting
  1392 | D:2      | HP: 1/30 [poisoned by an adder]
  1395 | D:2      | Acquired Trog's second power
  1945 | D:2      | Noticed Ijyb
  1967 | D:2      | Killed Ijyb
  1967 | D:2      | Reached XP level 4. HP: 37/37 MP: 4/4
  2329 | D:2      | Found a bloodstained altar of Trog.
  2397 | D:2      | Found a glowing golden altar of the Shining One.
  2399 | D:2      | Found a shimmering altar of Xom.
  2847 | D:3      | Gained mutation: You have sharp fingernails. [demonic ancestry]
  2847 | D:3      | Reached XP level 5. HP: 11/42 MP: 5/5
  4327 | D:3      | Noticed a giant frog
  4338 | D:3      | Killed a giant frog
  4867 | D:4      | Got a slimy mace
  4868 | D:4      | Identified the +11 mace "Uwekka" {freeze, rElec MR- Int+4 Stlth+} (You found it on level 4 of the Dungeon)
  4952 | D:4      | Gained mutation: You can steal the life force of nearby defeated enemies. [demonic ancestry]
  4952 | D:4      | Reached XP level 6. HP: 26/49 MP: 6/6
  5156 | D:4      | Noticed a centaur
  5175 | D:4      | Killed a centaur
  5175 | D:4      | Reached skill level 1 in Stealth
  5766 | D:4      | Got a brightly glowing robe
  5777 | D:4      | Identified the cursed -1 robe of Ykiwecs {rElec} (You found it on level 4 of the Dungeon)
  5796 | D:4      | Noticed a phantom
  5841 | D:4      | Killed a phantom
  5841 | D:4      | Reached skill level 5 in Fighting
  6181 | D:4      | Reached XP level 7. HP: 49/56 MP: 7/7
  6247 | D:4      | Acquired Trog's third power
  6289 | D:4      | Noticed an ogre
  6296 | D:4      | Killed an ogre
  6845 | D:5      | Entered Level 5 of the Dungeon
  6876 | D:5      | Noticed MrRokkomies' ghost (experienced HEWr)
  6901 | D:5      | Killed MrRokkomies' ghost
  6901 | D:5      | Gained mutation: You are partially covered in yellow scales (AC +2). [demonic ancestry]
  6901 | D:5      | Reached XP level 8. HP: 48/64 MP: 8/8
  7007 | D:5      | Found a white marble altar of Elyvilon.
  7008 | D:5      | Found a sacrificial altar of Ru.
  7094 | D:5      | Noticed Eustachio
  7200 | D:5      | Reached skill level 5 in Dodging
  7243 | D:5      | Found a shattered altar of Ashenzari.
  7289 | D:5      | Reached skill level 6 in Fighting
  7500 | D:5      | Reached skill level 5 in Long Blades
  8000 | D:5      | Noticed Pikel
  8036 | D:5      | Killed Pikel
  8865 | D:6      | Gained mutation: You have very sharp fingernails. [demonic ancestry]
  8865 | D:6      | Reached XP level 9. HP: 57/71 MP: 9/9
  9260 | D:6      | Received a gift from Trog
  9657 | D:6      | Reached skill level 7 in Fighting
  9939 | D:6      | Reached skill level 5 in Armour
 10147 | D:6      | You fall through a shaft!
 10226 | D:9      | Identified a scroll of acquirement
 10400 | D:9      | Noticed a komodo dragon
 10551 | D:10     | Entered Level 10 of the Dungeon
 10603 | D:9      | Slain by a komodo dragon

Action                   |  1- 3 |  4- 6 |  7- 9 || total
-------------------------+-------+-------+-------++-------
Melee: Falchion          |   149 |   311 |   486 ||   946
       Unarmed           |       |       |     6 ||     6
Invok: Berserk           |     2 |     2 |    13 ||    17
       Trog's Hand       |     1 |     1 |     6 ||     8
       Brothers in Arms  |       |       |     2 ||     2
Evoke: Wand              |       |       |     1 ||     1
  Use: Potion            |     6 |     5 |     3 ||    14
       Scroll            |     6 |     6 |     9 ||    21
 Stab: Sleeping          |       |       |     2 ||     2
  Eat: Fruit             |     1 |     3 |       ||     4
       Bread ration      |     1 |     3 |     2 ||     6
       Beef jerky        |       |     1 |       ||     1
       Pizza             |       |     1 |     1 ||     2
       Meat ration       |       |       |     2 ||     2
       Chunk             |       |       |     4 ||     4
